ElectroGuy, lawful female human Samurai ---------------- |............I.| |............I..# |............I.|# --.-------------# # # # # # ############# # # --------.------ # ##..............| ### #|.............| # ##-.............| ## ###|...........<..###########` -.--------- ### --------------- |.........|### |..........## |.........| ----------- ElectroGuy the Kunoichi Experience level: 7 Strength: 13 Dexterity: 18 Constitution: 18 Intelligence: 8 Wisdom: 10 Charisma: 8 Health: 0(66) Energy: 28(28) Def: 0 Gold: 461 Moves: 8858 Dungeon seed: si1Zb70CaGNPBpal Game ID: ElectroGuy_1577576920 Your Inventory: Coins $ - 461 gold pieces Weapons a - a +1 katana (weapon in hand) b - a +0 wakizashi c - a +0 yumi d - 13 blessed +0 ya w - 8 +0 elven arrows E - the rustproof +0 Snickersnee W - 10 +0 darts Armor e - an uncursed rustproof +0 splint mail n - an uncursed +0 mummy wrapping z - an uncursed +0 dwarvish cloak N - an uncursed +0 pair of iron shoes Y - an uncursed +0 dwarvish iron helm Scrolls u - 2 uncursed scrolls of blank paper M - an uncursed scroll of remove curse Rings K - an uncursed ring of protection from shape changers Wands y - a cursed wand of undead turning (0:5) Tools P - an uncursed osaku Q - an uncursed blindfold R - an uncursed mirror S - a magic marker (0:58) X - a blessed oil lamp (lit) (0:1001) Gems q - 2 uncursed worthless pieces of black glass r - 2 uncursed worthless pieces of orange glass Spells and supernatural/magical abilities: Name Level Category Fail Memory O - create monster 2* clerical 100% 0% W - pray for help -- divine ? -- Your skills at the end: Fighting Skills martial arts [Basic] Weapon Skills short sword [Basic] long sword [Expert] bow [Basic] Spellcasting Skills Final Attributes: You were piously aligned. You were invisible. You were fast. You were unlucky. Amaterasu Omikami was angry with you. You are dead. Vanquished creatures: a couatl a small mimic a leprechaun a dwarf mummy 3 brown puddings 2 dingos a gnome mummy a water nymph a rock piercer 2 rock moles a pony a shrieker 4 violet fungi 5 gnome lords 2 gnomish wizards a paper golem a baby crocodile 6 giant ants a little dog a floating eye a kitten 3 dwarves 3 hill orcs 4 rothes a rabid rat a centipede a wererat 2 iguanas an acid blob 7 coyotes 2 large kobolds a hobgoblin 5 giant rats a brown mold 2 yellow molds 2 red molds 17 gnomes 4 garter snakes a gnome zombie 5 geckos 8 jackals a fox a kobold 3 goblins a sewer rat 6 grid bugs 4 lichens a kobold zombie 2 newts 128 creatures vanquished. Genocided species: rust monsters 1 species genocided. Voluntary challenges: You had been an atheist until turn 3309. You used a wielded weapon 175 times, starting on turn 120. You read items or engraved 17 times, starting on turn 69. You genocided 1 type of monster, starting on turn 298. You never polymorphed an object. You never changed form. You used no wishes. You split 2 puddings, starting on turn 2580. You never wrote Elbereth's name. You violated your moral code, losing 53 points of alignment, starting on turn 1373. Dungeon overview: The Dungeons of Doom: levels 1 to 5 Level 1 a long staircase Level 2 Level 3 an altar to Susanowo, some fountains stairs to The Gnomish Mines Level 4 an altar to Susanowo Level 5 <- You were here The Gnomish Mines: levels 4 to 6 Level 4 stairs to The Dungeons of Doom Level 5 Level 6 many shops, a temple to Raijin, some fountains History has recorded: On T:1 you entered the Dungeons of Doom to retrieve the Amulet of Yendor! On T:271 you reached level 2 of The Dungeons of Doom. On T:278 you reached level 3 of The Dungeons of Doom. On T:880 you advanced to experience level 2. On T:1153 you advanced to experience level 3. On T:1198 you reached level 1 of The Gnomish Mines. On T:1205 you reached level 2 of The Gnomish Mines. On T:1223 you advanced to experience level 4. On T:1622 you advanced to experience level 5. On T:2248 you reached level 3 of The Gnomish Mines. On T:2367 you advanced to experience level 6. On T:3095 you advanced to experience level 7. On T:3515 you reached level 4 of The Dungeons of Doom. On T:7390 you received Snickersnee from Amaterasu Omikami. On T:8276 you reached level 5 of The Dungeons of Doom. Score breakdown: Gold: 461 ( 9064 points) Experience: 7 levels (13645 points) Exploration: 6 levels ( 12.24%) ( 9682 points) Discoveries: 21 items ( 8.54%) ( 8765 points) Valuables value: (no points given unless you survive) Artifact value: 1200 (10475 points) Variety of kills: 49 monsters ( 12.86%) (10758 points) Turncount: 8858 turns (-2199 points) Survival: died (score multiplied by 80%) Total score: 48152 Latest messages: You stop running. You faint from lack of food. You come to. You faint from lack of food. You come to. You faint from lack of food. You come to. You faint from lack of food. You come to. You faint from lack of food. You come to. You faint from lack of food. You come to. You faint from lack of food. You come to. You faint from lack of food. It bites! (19x) You come to. You faint from lack of food. It bites! (16x) You die... Final status: Sayonara ElectroGuy the Samurai, killed by a giant rat, while fainted from lack of food... You died in The Dungeons of Doom on dungeon level 5 with 48152 points, and 461 pieces of gold, after 8858 moves. You were level 7 with a maximum of 66 hit points when you died.